[Event "Late-Titled-Tuesday-Blitz-May-14-2024"]
[Site "Chess.com"]
[Date "2024.05.14"]
[Round "3"]
[White "manitodeplomo"]
[Black "jinxy2009"]
[Result "1-0"]
[WhiteElo "2568"]
[BlackElo "2305"]
[TimeControl "180+1"]
[EndTime "14:27:54 PDT"]
[Termination "manitodeplomo won by checkmate"]

1. d4 Nf6 2. c4 e6 3. Nf3 d5 4. Nc3 c6 5. Bg5 Be7 6. e3 h6 7. Bxf6 Bxf6 8. Qc2 O-O 9. O-O-O dxc4 10. Bxc4 b5 11. Bd3 Nd7 12. h4 Qe7 13. g4 b4 14.
Ne4 g6 15. g5 Bg7 16. h5 c5 17. gxh6 Bh8 18. hxg6 fxg6 19. Rdg1 cxd4 20. Rxg6+ Kf7 21.
Nfg5+ Kxg6 22. Nd6+ Kxg5 23. Rg1+ Kf6 24. Rg6+ Ke5 25.
Nc4+ Kd5 26. Be4+ Kc5 27. Nd2+ Kb5 28. Qc6+ Ka5 29. Nc4# 1-0

[Event "Late-Titled-Tuesday-Blitz-May-14-2024"]
[Site "Chess.com"]
[Date "2024.05.14"]
[Round "3"]
[White "Rital44"]
[Black "chenxiaoyuer"]
[Result "0-1"]
[WhiteElo "2704"]
[BlackElo "2891"]
[TimeControl "180+1"]
[EndTime "14:27:56 PDT"]
[Termination "chenxiaoyuer won by checkmate"]

1. d4 Nf6 2. Nc3 d5 3. Bf4 g6 4. e3 Bg7 5. Nb5 Na6 6. h3 O-O 7. Nf3 c6 8. Nc3 Nc7 9. Ne5 Nd7 10. Bd3 Nxe5 11. Bxe5 f6 12. Bg3 e5 13. O-O Ne6 14.
Be2 exd4 15. exd4 f5 16. Be5 f4 17. Bg4 Bxe5 18. dxe5 Qg5 19. Re1 f3 20. Bxf3 Nf4 21.
Kh2 Bxh3 22. gxh3 Qh4 23. Rf1 Qxh3+ 24. Kg1 Rf5 25. Ne2 Rh5 26. Bg2 Qxg2# 0-1

[Event "Late-Titled-Tuesday-Blitz-May-14-2024"]
[Site "Chess.com"]
[Date "2024.05.14"]
[Round "3"]
[White "ritanovikova"]
[Black "Walter_White_Poland"]
[Result "0-1"]
[WhiteElo "2160"]
[BlackElo "2399"]
[TimeControl "180+1"]
[EndTime "14:27:56 PDT"]
[Termination "Walter_White_Poland won by resignation"]

1. e4 c5 2. Nc3 Nc6 3. d3 g6 4. Be3 d6 5. Qd2 Bg7 6. g3 Bd7 7. Bg2 Qc8 8. h4 h6 9. Nd1 e6 10. c3 Nge7 11. Ne2 Rb8 12. d4 b6 13. f4 h5 14. d5 exd5 15. exd5 Na5 16. b3 Nf5 17. Bf2 O-O 18. O-O b5 19. Rc1 Qc7 20. Ne3 Rfe8 21.
Nxf5 Bxf5 22. Rfe1 Re7 23. Kh2 Rbe8 24. Ng1 Bg4 25.
Bf3 f5 26. Nh3 Bxf3 27. Ng5 Bg4 28. Ne6 Qc8 29. c4 b4 30. a3 Nxb3 31. Qc2 Nxc1 32. Rxc1 Rxe6 33. dxe6 bxa3 34. Qd3 a2 35. Qd5 Qxe6 36.
Re1 Qxd5 37. Rxe8+ Kf7 0-1

[Event "Late-Titled-Tuesday-Blitz-May-14-2024"]
[Site "Chess.com"]
[Date "2024.05.14"]
[Round "3"]
[White "ELPRIMO0O0"]
[Black "SandwichOSaumon"]
[Result "0-1"]
[WhiteElo "2518"]
[BlackElo "2329"]
[TimeControl "180+1"]
[EndTime "14:27:58 PDT"]
[Termination "SandwichOSaumon won by checkmate"]

1. e4 e5 2. Nf3 Nc6 3. Nc3 Bb4 4. Nd5 Nf6 5. Nxb4 Nxb4 6. c3 Nc6 7. d4 Qe7 8. d5 Nb8 9. Bd3 d6 10. h3 Nbd7 11. Bg5 h6 12. Bh4 g5 13. Bg3 Nc5 14.
b4 Ncxe4 15. Bxe4 Nxe4 16. Qb3 f5 17. Nd2 Nxd2 18. Kxd2 f4 19. Bh2 Bf5 20. f3 O-O 21.
Bg1 e4 22. Bd4 e3+ 23. Ke2 Qh7 24. c4 a5 25. a3 h5 26. Qc3 b6 27. c5 axb4 28.
axb4 bxc5 29. bxc5 Rab8 30. cxd6 cxd6 31. Ra7 Qxa7 32. Bxa7 Rfc8 33. Qf6 Rc2+ 34. Kf1 Rb1# 0-1

[Event "Late-Titled-Tuesday-Blitz-May-14-2024"]
[Site "Chess.com"]
[Date "2024.05.14"]
[Round "3"]
[White "EsmeraldasAnderson03"]
[Black "AsaHoffmann"]
[Result "1-0"]
[WhiteElo "2515"]
[BlackElo "2315"]
[TimeControl "180+1"]
[EndTime "14:27:59 PDT"]
[Termination "EsmeraldasAnderson03 won on time"]

1. d4 Nf6 2. c4 c5 3. d5 e5 4. Nc3 d6 5. e4 Be7 6. f3 Nbd7 7. Be3 Nf8 8. Bd3 Ng6 9. Nge2 O-O 10. g4 Nxg4 11. fxg4 Bh4+ 12. Kd2 Bxg4 13. Rg1 Bf3 14.
Qf1 Bh5 15. Qf5 Bxe2 16. Nxe2 a6 17. Nc3 b5 18. cxb5 axb5 19. Bxb5 Qa5 20. a4 Rfb8 21. Kc2 Qb4 22. Rgf1 f6 23. Qe6+ Kh8 24. Qxd6 Rd8 25. Qxc5 Qa5 26. d6 Rac8 27. Qb6 Qa8 28. Kb3 Rb8 29. Qc5 Rdc8 30. Qd5 Qa5 31. d7 Rd8 32. Rfd1 Nf4 33. Bxf4 exf4 34. Rd3 Bf2 35.
Rf1 Be3 36. h4 Qc7 37. h5 Rxd7 38. Qxd7 Qc5 39. Qd8+ Rxd8 40. Rxd8+ 1-0

[Event "Late-Titled-Tuesday-Blitz-May-14-2024"]
[Site "Chess.com"]
[Date "2024.05.14"]
[Round "3"]
[White "BjarkeSahl"]
[Black "Christian-Toth"]
[Result "1-0"]
[WhiteElo "2108"]
[BlackElo "2375"]
[TimeControl "180+1"]
[EndTime "14:28:00 PDT"]
[Termination "BjarkeSahl won on time"]

1. d4 d5 2. c4 e6 3. Nc3 c5 4. e3 Nf6 5. Nf3 Nc6 6. a3 Ne4 7.
cxd5 Nxc3 8. bxc3 exd5 9. Be2 Be7 10. O-O O-O 11. Nd2 Bf5 12. Bf3 Re8 13. Re1 Bf6 14. a4 Rc8 15. Ba3 b6 16. Nb3 cxd4 17. Nxd4 Nxd4 18.
cxd4 Be7 19. Qb3 Bxa3 20. Qxa3 Be6 21. a5 bxa5 22. Qxa5 Qxa5 23. Rxa5 Rc7 24. h4 Rd8 25. Rea1 1-0

[Event "Late-Titled-Tuesday-Blitz-May-14-2024"]
[Site "Chess.com"]
[Date "2024.05.14"]
[Round "3"]
[White "NateSolon"]
[Black "Savagelittlemole"]
[Result "0-1"]
[WhiteElo "2668"]
[BlackElo "2509"]
[TimeControl "180+1"]
[EndTime "14:28:02 PDT"]
[Termination "Savagelittlemole won by resignation"]

1. d4 Nf6 2. Bf4 c5 3. d5 g6 4.
Nc3 Bg7 5. e4 O-O 6. Nf3 d6 7. a4 e6 8. Be2 exd5 9. exd5 Bg4 10.
O-O Na6 11. h3 Bxf3 12. Bxf3 Nc7 13. Qd2 Rb8 14. Rfe1 b5 15. axb5 Nxb5 16. Nxb5 Rxb5 17.
c3 Qb8 18. Ra2 Nd7 19. Rea1 Ne5 20. Be2 Rb7 21. Qc1 Re8 22. Bf1 Rbe7 23. Ra6 c4 24. Bxe5 Rxe5 25. Bxc4 Re1+ 26. Qxe1 Rxe1+ 27. Rxe1 Qxb2 28. Re8+ Bf8 29. Rxd6 Kg7 30. Rc6 Qxc3 31. Bf1 Qd4 32. Bc4 Bc5 33. Re2 Qxc4 0-1

[Event "Late-Titled-Tuesday-Blitz-May-14-2024"]
[Site "Chess.com"]
[Date "2024.05.14"]
[Round "3"]
[White "Fjal"]
[Black "jeetjain"]
[Result "0-1"]
[WhiteElo "2345"]
[BlackElo "2579"]
[TimeControl "180+1"]
[EndTime "14:28:02 PDT"]
[Termination "jeetjain won by checkmate"]

1. Nf3 c5 2. g3 Nc6 3. Bg2 d6 4. O-O e5 5. e4 g6 6. d3 Bg7 7.
c3 Nge7 8. a3 O-O 9. b4 b6 10.
Nbd2 f5 11. Qb3+ Kh8 12. Ng5 Qe8 13. Ne6 Bxe6 14. Qxe6 Rd8 15. Qb3 f4 16. Bb2 g5 17.
h3 h5 18. g4 Ng6 19. Nf3 Nh4 20. Nxg5 f3 21. Bh1 Qg6 22. Ne6 hxg4 23. Kh2 Bh6 24.
Bc1 Qh5 25. Rg1 Ng2 26. Bxg2 fxg2 27. Rxg2 gxh3 28. Bxh6 hxg2+ 29. Kxg2 Qf3+ 30. Kh2 Qxf2+ 31. Kh1 Qh4+ 32. Kg1 Rg8+ 33. Bg7+ Rxg7+ 34. Nxg7 Rg8 35. Ra2 Qe1+ 36. Kh2 Rxg7 37. Qe6 Qg1+ 38. Kh3 Qg3# 0-1

[Event "Late-Titled-Tuesday-Blitz-May-14-2024"]
[Site "Chess.com"]
[Date "2024.05.14"]
[Round "3"]
[White "Crazy_girl99"]
[Black "ColorsTrilogy"]
[Result "1-0"]
[WhiteElo "2633"]
[BlackElo "2328"]
[TimeControl "180+1"]
[EndTime "14:28:04 PDT"]
[Termination "Crazy_girl99 won by resignation"]

1. Nf3 Nf6 2. g3 b6 3. Bg2 Bb7 4. O-O e6 5. d4 Be7 6. c4 O-O 7.
Nc3 Ne4 8. Qc2 Nxc3 9. bxc3 f5 10. Rb1 Be4 11. Qb2 Bxb1 12. Qxb1 d5 13. cxd5 exd5 14.
Ne5 c6 15. Qb3 Kh8 16. c4 dxc4 17. Qxc4 Qd6 18. Bf4 Qf6 19. h4 h6 20. h5 Kh7 21.
Rd1 Rd8 22. e4 Nd7 23. Nxc6 Rac8 24. d5 Nb8 25. e5 Rxc6 26. exf6 Rxc4 27. fxe7 Re8 28.
Bxb8 Rxe7 29. d6 Rd7 30. Re1 Rc8 31. Bc7 Rcxc7 32. dxc7 Rxc7 33. Re5 Rc1+ 34. Kh2 Rc2 35.
Rxf5 Rxa2 36. Be4 Ra4 37. f3 Rd4 38. Rd5+ 1-0

[Event "Late-Titled-Tuesday-Blitz-May-14-2024"]
[Site "Chess.com"]
[Date "2024.05.14"]
[Round "3"]
[White "Ali_rastbod"]
[Black "dretch"]
[Result "1-0"]
[WhiteElo "2718"]
[BlackElo "2873"]
[TimeControl "180+1"]
[EndTime "14:28:07 PDT"]
[Termination "Ali_rastbod won on time"]

1. e4 e6 2. d3 d5 3. Nd2 Bd6 4. Qg4 Nf6 5. Qxg7 Rg8 6. Qh6 Nc6 7. c3 Rg6 8. Qh4 Rg4 9. Qh6 Bf4 10. Qh3 e5 11. Qf3 Bxd2+ 12. Bxd2 dxe4 13. Qe2 Bf5 14. dxe4 Rxe4 15. Be3 Ng4 16. Nf3 Qe7 17. Nd2 Ra4 18. Qb5 Nxe3 19. fxe3 Ra6 20. Qxb7 Qc5 21. Qxa8+ Ke7 22.
Bxa6 Qxe3+ 23. Be2 Bd3 24. O-O-O Nb4 25. cxb4 Bxe2 26.
Rde1 1-0

[Event "Late-Titled-Tuesday-Blitz-May-14-2024"]
[Site "Chess.com"]
[Date "2024.05.14"]
[Round "3"]
[White "BrandonJiang123456"]
[Black "Godzillator"]
[Result "0-1"]
[WhiteElo "2203"]
[BlackElo "2426"]
[TimeControl "180+1"]
[EndTime "14:28:08 PDT"]
[Termination "Godzillator won by checkmate"]

1. e4 d5 2. exd5 Qxd5 3. Nc3 Qd6 4. d4 c6 5. h3 Bf5 6. Nf3 Nd7 7. Bd3 Bg6 8. O-O Ngf6 9. Bg5 e6 10. Qd2 Qc7 11.
Rfe1 Bd6 12. Bxg6 hxg6 13. Ne4 Nxe4 14. Rxe4 O-O 15. Bf4 Bxf4 16. Rxf4 Nf6 17. Rh4 Rad8 18. Qg5 Rd5 19. Qe3 Rfd8 20. c4 R5d6 21. Rf4 b6 22. Ng5 c5 23. Rd1 cxd4 24. Rfxd4 Qc5 25. Rxd6 Rxd6 26.
Rxd6 Qxd6 27. Ne4 Qd1+ 28. Kh2 Qc2 29. Nxf6+ gxf6 30. Qd4 Kg7 31. b3 e5 32. Qd7 Qxa2 33. Qd3 Qxf2 34. b4 Qf4+ 35. Kh1 a5 36. bxa5 bxa5 37.
Qc2 e4 38. c5 e3 39. c6 Qf1+ 40. Kh2 e2 41. c7 e1=Q 42. c8=Q Qh1# 0-1

[Event "Late-Titled-Tuesday-Blitz-May-14-2024"]
[Site "Chess.com"]
[Date "2024.05.14"]
[Round "3"]
[White "Stanbad1"]
[Black "Klendi"]
[Result "1-0"]
[WhiteElo "2617"]
[BlackElo "2411"]
[TimeControl "180+1"]
[EndTime "14:28:10 PDT"]
[Termination "Stanbad1 won by resignation"]

1. d4 d5 2. c4 e6 3. Nc3 c6 4. cxd5 exd5 5. Bf4 Bd6 6. Bxd6 Qxd6 7. e3 Nf6 8. Bd3 Bg4 9. Qc2 Nbd7 10. Nge2 O-O 11. f3 Bh5 12. O-O-O b5 13. Kb1 a5 14. e4 dxe4 15. fxe4 Qb8 16. e5 b4 17. exf6 bxc3 18.
fxg7 Re8 19. Nxc3 Bxd1 20. Rxd1 Kxg7 21. Qd2 h6 22. Bf5 Nf6 23. g4 Qd6 24. g5 Ng8 25. Rg1 h5 26. g6 f6 27. Qd1 Qxh2 28. Rh1 Qf4 29. Qxh5 Nh6 30. Bd3 Rh8 31. Qc5 Qc7 32.
Nd5 Qd8 33. Nf4 Re8 34. Nh5+ Kh8 35. g7+ Kg8 36. Qxc6 Rc8 37. Nxf6+ Kxg7 38. Nxe8+ Qxe8 39. Qxh6+ Kf7 40. Bg6+ Ke7 41. Bxe8 1-0

[Event "Late-Titled-Tuesday-Blitz-May-14-2024"]
[Site "Chess.com"]
[Date "2024.05.14"]
[Round "3"]
[White "Grischuk"]
[Black "remyrushbrooke"]
[Result "1-0"]
[WhiteElo "3134"]
[BlackElo "2343"]
[TimeControl "180+1"]
[EndTime "14:28:12 PDT"]
[Termination "Grischuk won on time"]

1. d4 f5 2. Nc3 Nf6 3. Bg5 d5 4. e3 Nc6 5. Bb5 Be6 6. Nf3 h6 7. Bf4 a6 8. Bxc6+ bxc6 9. Ne5 Bd7 10. Ng6 Rg8 11. O-O Kf7 12. Nxf8 Rxf8 13. Na4 Kg8 14. b3 g5 15. Be5 Be8 16. Nc5 Qc8 17. Bxf6 Rxf6 18. f3 Bh5 19. Qd2 Qf8 20. Nd7 Qf7 21.
Nxf6+ Qxf6 22. c4 Rd8 23. Rac1 f4 24. Rfe1 Kh8 25. Qc3 Rg8 26. h3 Rd8 27. cxd5 1-0

[Event "Late-Titled-Tuesday-Blitz-May-14-2024"]
[Site "Chess.com"]
[Date "2024.05.14"]
[Round "3"]
[White "hsd2016"]
[Black "GMAneta"]
[Result "0-1"]
[WhiteElo "2312"]
[BlackElo "2533"]
[TimeControl "180+1"]
[EndTime "14:28:13 PDT"]
[Termination "GMAneta won by resignation"]

1. e4 c5 2. Nf3 Nc6 3. d4 cxd4 4.
Nxd4 g6 5. Nxc6 bxc6 6. Qd4 Nf6 7. e5 Nd5 8. e6 f6 9. c4 Nb4 10. Qc3 c5 11. a3 Nc6 12. Be3 d6 13. Bd3 Bxe6 14.
Be4 Rc8 15. Qc2 Bg7 16. Bxg6+ hxg6 17. Qxg6+ Kf8 18. Nc3 Ne5 19. Qg3 Bxc4 20. O-O-O Qb6 21. Bf4 Rb8 22. Rd2 Bh6 23. Bxh6+ Rxh6 24. Nd1 Rg6 25.
Qc3 Rxg2 26. h4 Nd3+ 27. Rxd3 Bxd3 28. Qxd3 Rxf2 29. Rg1 Rxb2 30. Qh7 Rb1+ 31. Kd2 Qa5+ 32. Kc2 Qa4+ 33. Kd2 Qd4+ 0-1

[Event "Late-Titled-Tuesday-Blitz-May-14-2024"]
[Site "Chess.com"]
[Date "2024.05.14"]
[Round "3"]
[White "KirAk47"]
[Black "Brown_Mamba24"]
[Result "1-0"]
[WhiteElo "2450"]
[BlackElo "2605"]
[TimeControl "180+1"]
[EndTime "14:28:14 PDT"]
[Termination "KirAk47 won by checkmate"]

1. d4 c5 2. e3 cxd4 3. exd4 Nf6 4. Bd3 Nc6 5. c3 e5 6. dxe5 Nxe5 7. Bc2 Bc5 8. Nd2 O-O 9. Nb3 Qe7 10. Ne2 Bxf2+ 11. Kxf2 Nfg4+ 12. Kg1 Qf6 13. Bf4 d5 14. h3 Nh6 15. Nbd4 Nc4 16. b3 Nb6 17. Qd3 Re8 18.
Qxh7+ Kf8 19. Rf1 Ng8 20. Bg6 Ne7 21. Bd6 Qxf1+ 22. Kxf1 fxg6 23. Be5 Rd8 24. Qxg7+ Ke8 25. Bf6 Rd7 26. Ne6 Rc7 27. Qf8+ Kd7 28. Qxe7+ Kc6 29. N2d4# 1-0

[Event "Late-Titled-Tuesday-Blitz-May-14-2024"]
[Site "Chess.com"]
[Date "2024.05.14"]
[Round "3"]
[White "emiliocordova"]
[Black "Jarming"]
[Result "1-0"]
[WhiteElo "2903"]
[BlackElo "2673"]
[TimeControl "180+1"]
[EndTime "14:28:15 PDT"]
[Termination "emiliocordova won by resignation"]

1. d4 Nf6 2. Bg5 d5 3. e3 Bf5 4. Nc3 Nbd7 5. Be2 e6 6. g4 Bg6 7.
h4 h6 8. Bf4 Bb4 9. f3 c5 10.
a3 cxd4 11. axb4 dxc3 12. bxc3 a6 13. Nh3 Rc8 14. Qd2 Nb6 15. Be5 O-O 16. Nf4 Nfd7 17. Bd6 Re8 18. Nxg6 fxg6 19. Bg3 Qf6 20. Qd4 Qxd4 21.
cxd4 Rxc2 22. Bd3 Rc6 23. Bxg6 Rec8 24. O-O Rc3 25. Bf4 Nc4 26. Rfc1 Rxc1+ 27. Rxc1 Rc6 28. h5 Rb6 29. e4 Rxb4 30. exd5 exd5 31. Re1 Nf6 32. Re7 a5 33. Rc7 Kf8 34. Rf7+ Kg8 35. Rc7 Kf8 36. g5 hxg5 37. Bxg5 Rb6 38. h6 gxh6 39.
Bxh6+ Kg8 40. Rc8+ 1-0

[Event "Late-Titled-Tuesday-Blitz-May-14-2024"]
[Site "Chess.com"]
[Date "2024.05.14"]
[Round "3"]
[White "PepeCuenca"]
[Black "SujanaLohani"]
[Result "1-0"]
[WhiteElo "2820"]
[BlackElo "2063"]
[TimeControl "180+1"]
[EndTime "14:28:18 PDT"]
[Termination "PepeCuenca won by resignation"]

1. d4 Nf6 2. Bf4 g6 3. Nc3 d5 4. e3 Bg7 5. h4 h5 6. Nf3 Bg4 7. Nb5 Na6 8. Nc3 Nb8 9. Be2 c6 10. Ne5 Bxe2 11. Qxe2 Nbd7 12. f3 Nxe5 13. Bxe5 Qb6 14.
O-O-O O-O-O 15. Kb1 Rdg8 16. Na4 Qa5 17. Nc5 Nd7 18.
Nxd7 Kxd7 19. Bxg7 Rxg7 20. e4 e6 21. c4 Qa6 22.
Rc1 Rc8 23. Rhd1 Rgg8 24. Qd2 Rge8 25. Qf4 Re7 26. Qe5 dxc4 27. Qf4 Qb5 28. Rc3 Ke8 29.
Qf6 Rd8 30. Rdc1 e5 31. Rxc4 Rxd4 32. Rxd4 exd4 33. Qh8+ Kd7 34. Qxd4+ Kc8 35. Rd1 Qb6 36. Qh8+ 1-0

[Event "Late-Titled-Tuesday-Blitz-May-14-2024"]
[Site "Chess.com"]
[Date "2024.05.14"]
[Round "3"]
[White "Alexander_Donchenko"]
[Black "kinga2008"]
[Result "1-0"]
[WhiteElo "2846"]
[BlackElo "2531"]
[TimeControl "180+1"]
[EndTime "14:28:19 PDT"]
[Termination "Alexander_Donchenko won by resignation"]

1. e4 c5 2. Nf3 Nc6 3. d4 cxd4 4. Nxd4 e5 5. Nb5 a6 6. Nd6+ Bxd6 7. Qxd6 Qf6 8.
Qxf6 Nxf6 9. f3 b5 10. a4 Nd4 11. Bd3 b4 12. Be3 Ne6 13. Nd2 d6 14. Nc4 Ke7 15. Nb6 Rb8 16. O-O-O Bb7 17. a5 Rhd8 18. Bc4 Nd7 19.
Nd5+ Bxd5 20. Rxd5 Ndc5 21. Rhd1 Rbc8 22. Be2 Rc6 23.
Kb1 Rdc8 24. h4 Nb7 25. R1d2 Nc7 26. Bb6 Nxd5 27. exd5 Rc5 28. Bxa6 Nxa5 29. Bxa5 Ra8 30. Bxb4 Rxa6 31. Bxc5 dxc5 32. c4 Rh6 33. g3 Rg6 34. g4 Rf6 35. Rd3 Rf4 36. b3 Kd6 37. Re3 f5 38.
gxf5 Rxh4 39. Kc2 Rf4 40. Kc3 Rxf5 41. b4 cxb4+ 42. Kxb4 h5 43. Rd3 Rf4 44. Kb5 Rd4 45. c5+ Kxd5 46. Rxd4+ exd4 47. c6 h4 48. c7 Ke5 49.
c8=Q Kf4 50. Qg4+ Ke3 51. Qe4+ Kf2 52. Qxd4+ Kg3 53. Qg4+ 1-0

[Event "Late-Titled-Tuesday-Blitz-May-14-2024"]
[Site "Chess.com"]
[Date "2024.05.14"]
[Round "3"]
[White "giovannibrandao7"]
[Black "rdarruda"]
[Result "1-0"]
[WhiteElo "2326"]
[BlackElo "2510"]
[TimeControl "180+1"]
[EndTime "14:28:19 PDT"]
[Termination "giovannibrandao7 won by resignation"]

1. e4 c5 2. Nf3 Nc6 3. Bb5 g6 4. O-O Bg7 5. Re1 Nf6 6. c3 O-O 7. d4 cxd4 8. cxd4 d5 9. e5 Ne4 10. Nbd2 Bf5 11. Nf1 Qb6 12. Bxc6 Qxc6 13. Ne3 Be6 14.
Nd2 Nxd2 15. Bxd2 f6 16. exf6 exf6 17. Rc1 Qb6 18. Qb3 Qxb3 19. axb3 Rac8 20. Bb4 Rfe8 21. Kf1 f5 22. Bc3 f4 23. Nc2 Kf7 24. f3 b6 25.
Kf2 a5 26. b4 a4 27. b5 Bd7 28. Nb4 Be6 29. Ra1 Ra8 30. Na6 Bd7 31. Nc7 Rxe1 32. Kxe1 Rc8 33. Nxd5 Bxb5 34. Kf2 g5 35.
Nxb6 Re8 36. Re1 Rb8 37. Nd5 Rd8 38. Nc7 Bc6 39. Ne6 Re8 40. Nxg7 Rxe1 41. Kxe1 Kxg7 42.
d5+ 1-0

[Event "Late-Titled-Tuesday-Blitz-May-14-2024"]
[Site "Chess.com"]
[Date "2024.05.14"]
[Round "3"]
[White "Durarbayli"]
[Black "NikitaShnadrygin"]
[Result "1-0"]
[WhiteElo "2954"]
[BlackElo "2754"]
[TimeControl "180+1"]
[EndTime "14:28:21 PDT"]
[Termination "Durarbayli won by resignation"]

1. e4 c5 2. Nf3 e6 3. d4 cxd4 4. Nxd4 Nf6 5. Nc3 Nc6 6. Be2 Bb4 7. O-O Bxc3 8. bxc3 Nxe4 9. Nxc6 dxc6 10. Bd3 Nf6 11. Ba3 b6 12. Qf3 Qc7 13. c4 Bb7 14. c5 Nd7 15.
Qg4 Nxc5 16. Bxc5 bxc5 17. Qxg7 O-O-O 18. Rab1 c4 19. Bxc4 c5 20. Qc3 Rhg8 21. g3 Rd4 22. Be2 Qc6 23. Rxb7 Kxb7 24. Bf3 Rd5 25. Qf6 Qd7 26.
c4 Rg6 27. Qb2+ 1-0

[Event "Late-Titled-Tuesday-Blitz-May-14-2024"]
[Site "Chess.com"]
[Date "2024.05.14"]
[Round "3"]
[White "RespectfulDaveOnYouTube"]
[Black "Kosak12"]
[Result "0-1"]
[WhiteElo "2517"]
[BlackElo "2764"]
[TimeControl "180+1"]
[EndTime "14:28:21 PDT"]
[Termination "Kosak12 won by resignation"]

1. d4 Nf6 2. Nc3 d5 3. Bf4 e6 4.
e3 Bb4 5. Bd3 O-O 6. Nf3 c5 7.
O-O Nc6 8. Ne5 cxd4 9. exd4 Nxd4 10. Bxh7+ Kxh7 11. Qxd4 Bxc3 12. Qxc3 Ne4 13. Qd3 Kg8 14.
f3 Nd6 15. c4 f6 16. Ng6 Re8 17. cxd5 e5 18. Qd2 exf4 19. Qxf4 Bf5 20. Nh4 Bh7 21. Rfe1 Qb6+ 22. Kh1 Rxe1+ 23. Rxe1 Re8 24. Rxe8+ Nxe8 25. h3 Qxb2 26. Kh2 Qe5 27. Qxe5 fxe5 28. g3 Nd6 29. Ng2 Bd3 30. Ne3 Kf7 31. Ng4 e4 32. fxe4 Bxe4 33. Ne5+ Ke7 34. g4 Bxd5 35. Kg3 Bxa2 36. h4 a5 37. h5 a4 38. g5 a3 39. h6 gxh6 40. gxh6 Bb1 41. Nf3 a2 42. h7 Bxh7 0-1

[Event "Late-Titled-Tuesday-Blitz-May-14-2024"]
[Site "Chess.com"]
[Date "2024.05.14"]
[Round "3"]
[White "HipsterChess22"]
[Black "Rdeux42"]
[Result "0-1"]
[WhiteElo "2191"]
[BlackElo "2407"]
[TimeControl "180+1"]
[EndTime "14:28:21 PDT"]
[Termination "Rdeux42 won by resignation"]

1. d4 d5 2. Nc3 Nf6 3. Bf4 g6 4. e3 Bg7 5. h4 Ne4 6. Nxe4 dxe4 7. h5 c5 8. hxg6 hxg6 9. Rxh8+ Bxh8 10. c3 cxd4 11. exd4 Nc6 12. Bb5 Qb6 13. Qa4 Bd7 14. Be3 a6 15. Bxc6 Bxc6 16. Qb3 Qxb3 17.
axb3 O-O-O 18. Nh3 e5 19. dxe5 Bxe5 20. Rd1 Bd5 21.
c4 Be6 22. Rxd8+ Kxd8 23. Bc1 b5 24. Nf4 Bd7 25. Nd5 Be6 26. Ke2 Bxd5 27. cxd5 Kd7 28.
b4 Kd6 29. Kd2 Bf4+ 30. Kc2 Bxc1 31. Kxc1 Kxd5 32. b3 Kd4 33. Kd2 f5 34. g3 g5 35. Ke2 f4 36. gxf4 gxf4 37. Kd2 f3 0-1

[Event "Late-Titled-Tuesday-Blitz-May-14-2024"]
[Site "Chess.com"]
[Date "2024.05.14"]
[Round "3"]
[White "Adar_07"]
[Black "Cambek64"]
[Result "1-0"]
[WhiteElo "2712"]
[BlackElo "2503"]
[TimeControl "180+1"]
[EndTime "14:28:23 PDT"]
[Termination "Adar_07 won on time"]

1. e4 e6 2. d4 d5 3. exd5 exd5 4. Nc3 Nf6 5. Bg5 Be7 6. Bd3 c6 7. Qd2 Bg4 8. Nge2 Nbd7 9. f3 Bh5 10. Nf4 Bg6 11.
Nxg6 hxg6 12. O-O-O O-O 13. h4 Nh7 14. g4 Re8 15. f4 Ndf8 16. Kb1 b5 17. Ne2 a5 18.
Ng3 a4 19. Qh2 b4 20. h5 Bxg5 21. hxg6 fxg6 22. Bxg6 Bh6 23. Bxe8 Qxe8 24. g5 b3 25. gxh6 bxa2+ 26. Ka1 g6 27. f5 a3 28. b3 Qe3 29. Rd3 Qf4 30. fxg6 Nxg6 31. Rf1 Qg5 32. Qf2 Rf8 33. Qe1 Qxh6 34. Nf5 Qg5 35. Rg3 Rxf5 36. Rxg5 Rxg5 37. Kxa2 Kg7 38. Kxa3 Nf6 39. Qe6 1-0

[Event "Late-Titled-Tuesday-Blitz-May-14-2024"]
[Site "Chess.com"]
[Date "2024.05.14"]
[Round "3"]
[White "Defend1r"]
[Black "mostafa_sakha"]
[Result "0-1"]
[WhiteElo "2564"]
[BlackElo "2365"]
[TimeControl "180+1"]
[EndTime "14:28:25 PDT"]
[Termination "mostafa_sakha won by checkmate"]

1. a4 e5 2. Ra3 Bxa3 3. Nxa3 Nf6 4. c3 O-O 5. g3 d5 6. Bg2 Nc6 7. Nc2 e4 8. d3 exd3 9. Qxd3 Ne5 10. Qd1 c6 11.
Nf3 Nxf3+ 12. Bxf3 Bh3 13. Qd4 Ne4 14. Bxe4 dxe4 15. Qxe4 Re8 16. Qc4 Qd7 17. f3 Bg2 18. Rg1 Bxf3 19. Ne3 Bd5 20. Qd3 Qe6 21. Rf1 Rad8 22.
Qd4 Bg2 23. Qxa7 Bxf1 24. Kxf1 Rd1+ 25. Nxd1 Qxe2+ 26. Kg1 Qxd1+ 27. Kg2 Qxc1 28. Qxb7 Qd1 29. Qxc6 Qe2+ 30. Kh3 Qh5+ 31. Kg2 Qe2+ 32. Kh3 h5 33. Qd7 g5 34. a5 Qf1# 0-1

[Event "Late-Titled-Tuesday-Blitz-May-14-2024"]
[Site "Chess.com"]
[Date "2024.05.14"]
[Round "3"]
[White "nitpicker"]
[Black "zverr1"]
[Result "1-0"]
[WhiteElo "2292"]
[BlackElo "2466"]
[TimeControl "180+1"]
[EndTime "14:28:25 PDT"]
[Termination "nitpicker won by resignation"]

1. d4 Nf6 2. c4 g6 3. Nc3 Bg7 4. e4 d6 5. Be2 O-O 6. Nf3 e5 7. O-O Nc6 8. d5 Ne7 9. a4 Nh5 10. g3 Bh3 11. Re1 a5 12. Ng5 Bd7 13. Bxh5 gxh5 14. Qxh5 h6 15. Nf3 f5 16. Bxh6 Be8 17. Qg5 Bg6 18. Bxg7 Kxg7 19. Nh4 f4 20.
Kh1 Qd7 21. gxf4 Rxf4 22. Rg1 Rf6 23. f4 exf4 24. e5 dxe5 25. Qxe5 Kf7 26. Ne4 Bxe4+ 27.
Qxe4 Rh8 28. Nf3 Ke8 29. Rg7 Rf7 30. Rxf7 Kxf7 31. Ne5+ 1-0

[Event "Late-Titled-Tuesday-Blitz-May-14-2024"]
[Site "Chess.com"]
[Date "2024.05.14"]
[Round "3"]
[White "RantomOpening"]
[Black "CombativeWombat"]
[Result "1-0"]
[WhiteElo "2577"]
[BlackElo "2340"]
[TimeControl "180+1"]
[EndTime "14:28:28 PDT"]
[Termination "RantomOpening won by checkmate"]

1. b3 e5 2. Bb2 Nc6 3. e3 Nf6 4. Bb5 Bd6 5. Nf3 e4 6. Nd4 Nxd4 7.
Bxd4 O-O 8. O-O Re8 9. Be2 Be5 10. Bxe5 Rxe5 11. d3 exd3 12. cxd3 d5 13. d4 Re7 14. Nc3 Bf5 15. Bd3 Qd7 16. Rc1 c6 17. Qc2 Bxd3 18.
Qxd3 Rae8 19. Rfe1 Ne4 20. Nxe4 dxe4 21. Qc4 Re6 22. Red1 Rg6 23. Kf1 Qg4 24. g3 Qf3 25.
Ke1 Qh1+ 26. Qf1 Qxh2 27. d5 cxd5 28. Rxd5 Ra6 29. Re5 Rf8 30. a4 Qh6 31. Rxe4 Qb6 32. Qb5 Qg6 33. Qb4 Rb6 34. Qxf8+ Kxf8 35. Rc8# 1-0

[Event "Late-Titled-Tuesday-Blitz-May-14-2024"]
[Site "Chess.com"]
[Date "2024.05.14"]
[Round "3"]
[White "Licancabur"]
[Black "LuckIsMySkill"]
[Result "0-1"]
[WhiteElo "2500"]
[BlackElo "2699"]
[TimeControl "180+1"]
[EndTime "14:28:29 PDT"]
[Termination "LuckIsMySkill won on time"]

1. d4 b5 2. e4 Bb7 3. Bxb5 Bxe4 4. Nf3 Nf6 5. O-O e6 6. Re1 Bg6 7. c4 Bb4 8. Nc3 O-O 9. Bg5 h6 10. Bh4 a6 11. Ba4 d6 12. Bc2 Bxc3 13. bxc3 Bxc2 14.
Qxc2 Nbd7 15. Nd2 Qc8 16. Re3 Rb8 17. Re4 Nxe4 18. Nxe4 Qb7 19. Re1 Qb2 20. Qd3 Qxa2 21. g4 a5 22. g5 hxg5 23. Nxg5 Nf6 24. Nf3 Nh7 25. Kh1 a4 26. Rg1 a3 27. Ng5 Nxg5 28. Bxg5 Qxf2 29. Bh6 Qxg1+ 30. Kxg1 a2 0-1

[Event "Late-Titled-Tuesday-Blitz-May-14-2024"]
[Site "Chess.com"]
[Date "2024.05.14"]
[Round "3"]
[White "Michalczak"]
[Black "Mischuk_D"]
[Result "0-1"]
[WhiteElo "2499"]
[BlackElo "2697"]
[TimeControl "180+1"]
[EndTime "14:28:29 PDT"]
[Termination "Mischuk_D won by resignation"]

1. e4 e6 2. d4 d5 3. Nc3 Bb4 4.
e5 c5 5. a3 Bxc3+ 6. bxc3 Nc6 7. Qg4 g6 8. h4 h6 9. Nf3 Qa5 10.
Bd2 Qa4 11. Ra2 c4 12. Be2 Bd7 13. Qf4 Nge7 14. Qf6 Rh7 15. Bxh6 Rxh6 16. Qg7 Rh5 17. g4 O-O-O 18. gxh5 Nf5 19. Qxf7 gxh5 20. Qxh5 Qa5 21. Kd2 Ncxd4 22. Nxd4 Nxd4 23. Qg4 Nb5 24. Rh3 d4 25. Bxc4 Nxc3 26. Ra1 Ne4+ 27. Kc1 Nxf2 28. Qg3 Nxh3 29. Qxh3 Qxe5 30. Bd3 Rh8 31. Kb2 Qc5 32. Rg1 Qc3+ 33.
Ka2 e5 34. Qg3 Be6+ 35. Kb1 Rg8 36. Qxg8+ Bxg8 37. Rxg8+ Kc7 38. h5 e4 39. Rg7+ Kd6 40.
Rg6+ Ke5 41. h6 exd3 42. cxd3 Qxd3+ 0-1